 Dungeon Crawl Stone Soup version 0.16.1-51-g6203257 (webtiles) character file.

25 Teril the Grave Robber (level 2, 0/19 HPs)
             Began as a Mummy Necromancer on July 29, 2015.
             Slain by a gnoll
             ... wielding a +0 spear
              (7 damage)
             ... on level 2 of the Dungeon on Aug 5, 2015.
             The game lasted 00:05:34 (830 turns).

Teril the Grave Robber (Mummy Necromancer)           Turns: 830, Time: 00:05:34

Health: 0/19       AC:  4    Str: 11    XL:     2   Next: 86%
Magic:  0/5        EV: 13    Int: 14    God:
Gold:   38         SH:  0    Dex: 12    Spells: 2 memorised, 4 levels left

rFire  x . .     SeeInvis .     (no weapon)
rCold  + . .     Clarity  .     a - +0 robe
rNeg   + + +     SustAb   .     (no shield)
rPois  ∞         Gourm    .     (no helmet)
rElec  .         Spirit   .     d - +1 cloak
rCorr  .         Warding  .     (no gloves)
rMut   .         Stasis   .     (no boots)
MR     .....                    (no amulet)
Stlth  ++........               (no ring)
                                e - +1 ring of evasion

@: not resistant to hostile enchantments, unstealthy
A: no food or potions, fire vulnerability, restore body, cold resistance 1,
negative energy resistance 3, poison resistance, torment resistance, unbreathing
a: no special abilities


You were on level 2 of the Dungeon.
You were not hungry.

You visited 1 branch of the dungeon, and saw 2 of its levels.

You collected 38 gold pieces.

Inventory:

Armour
 a - a +0 robe (worn)
 d - a +1 cloak (worn)
Jewellery
 e - a +1 ring of evasion (left hand)
Scrolls
 c - a scroll of fog {unknown}
 f - a scroll of identify {unknown}
 g - a scroll of teleportation {unknown}
 h - a scroll of noise {unknown}
Books
 b - a book of Necromancy

   Spells                             Type                      Level
   a - Pain                           Necromancy                   1
   b - Animate Skeleton               Necromancy                   1
   c - Vampiric Draining              Necromancy                   3
   d - Regeneration                   Charms/Necromancy            3
   e - Animate Dead                   Necromancy                   4
   f - Control Undead                 Necromancy                   4


   Skills:
 + Level 1.6 Dodging
 + Level 1.6 Stealth
 * Level 2.5 Spellcasting
 * Level 4.4 Necromancy


You had 4 spell levels left.
You knew the following spells:

 Your Spells              Type           Power        Failure   Level  Hunger
a - Pain                  Necr           ##..         3%          1    N/A
b - Animate Skeleton      Necr           N/A          3%          1    N/A

Dungeon Overview and Level Annotations

Branches:
Dungeon (2/15)

Altars:
Yredelemnul


Innate Abilities, Weirdness & Mutations

You do not eat or drink.
Your flesh is vulnerable to fire.
Your flesh is cold resistant.
You are immune to negative energy.
Your system is resistant to poisons.
You are immune to unholy pain and torment.
You can survive without breathing.


Message History

Casting: Pain
Confirm with . or Enter, or press ? or * to list all spells.
You don't know that spell.
Unknown command.
Casting: Pain
Confirm with . or Enter, or press ? or * to list all spells.
Aiming: Pain
Press: ? - help, Shift-Dir - straight line, f - gnoll
Aim: a gnoll, wielding a whip (chance 79%)
The gnoll convulses in agony!
The gnoll hits you with a whip!
The gnoll hits you from afar with a spear.
The gnoll completely misses you.
Casting: Pain
Confirm with . or Enter, or press ? or * to list all spells.
Aiming: Pain
Press: ? - help, Shift-Dir - straight line, f/p - gnoll
Aim: a gnoll, wielding a whip (heavily wounded, chance 79%)
The gnoll convulses in agony!
The gnoll hits you with a whip.
The gnoll hits you from afar with a spear!
You die...

...#..# ......# #####.#
#.# #####)# ......#
###############
#####.#####..............
#..........#.######..
########.#g#@# #.#.#g#
#.#g#g# #.#.#.# #.#.#.#
#.#g#.### #.#..?..#
#...P.P.## #...._...#


You could see 2 gnolls.

Vanquished Creatures
  A gnoll (D:2)
  4 bats (D:1)
  3 goblins
  A hobgoblin (D:1)
  4 kobolds (D:1)
  A giant newt (D:1)
  2 rats (D:1)
16 creatures vanquished.

Vanquished Creatures (collateral kills)
  A giant cockroach (D:1)
1 creature vanquished.

Vanquished Creatures (others)
  A bat skeleton (D:1)
  A kobold skeleton (D:1)
2 creatures vanquished.

Grand Total: 19 creatures vanquished

Notes
Turn   | Place    | Note
--------------------------------------------------------------
     0 | D:1      | Teril, the Mummy Necromancer, began the quest for the Orb.
     0 | D:1      | Reached XP level 1. HP: 13/13 MP: 3/3
    66 | D:1      | Learned a level 1 spell: Animate Skeleton
   308 | D:1      | Reached XP level 2. HP: 19/19 MP: 1/4
   815 | D:2      | Found a basalt altar of Yredelemnul.
   830 | D:2      | Slain by a gnoll

Action                   || total
-------------------------++-------
 Cast: Pain              ||    31
       Animate Skeleton  ||     6
